 Dungeon Crawl Stone Soup version 0.21.1 (webtiles) character file.

78 JeffiDaFish the Grave Robber (level 4, -3/30 HPs)
             Began as a Mummy Necromancer on Feb 3, 2018.
             Slain by an orc
             ... wielding a +0 war axe
              (12 damage)
             ... on level 2 of the Dungeon.
             The game lasted 00:03:24 (1013 turns).

JeffiDaFish the Grave Robber (Mummy Necromancer)    Turns: 1013, Time: 00:03:25

Health: -3/30      AC:  4    Str: 11    XL:     4   Next: 15%
Magic:  1/9        EV: 12    Int: 15    God:
Gold:   54         SH:  4    Dex: 12    Spells: 5/10 levels left

rFire    x . .     SeeInvis .   c - +0 dagger
rCold    + . .     Gourm    .   (no shield)
rNeg     + + +     Faith    .   a - +2 robe
rPois    ∞         Spirit   .   (no helmet)
rElec    .         Reflect  +   (no cloak)
rCorr    .         Harm     .   (no gloves)
MR       .....                  (no boots)
Stlth    ++........             d - +4 amulet of reflection
HPRegen  0.10/turn              (no ring)
MPRegen  0.11/turn              (no ring)

@: no status effects
A: no food or potions, fire vulnerability, cold resistance 1, negative energy
resistance 3, torment resistance, unbreathing
a: no special abilities


You were on level 2 of the Dungeon.
You were not hungry.

You visited 1 branch of the dungeon, and saw 2 of its levels.

You collected 54 gold pieces.

Inventory:

Hand Weapons
 c - a +0 dagger (weapon)
Armour
 a - a +2 robe (worn)
Jewellery
 d - a +4 amulet of reflection (around neck)
Scrolls
 e - a scroll of enchant armour
Books
 b - a book of Necromancy

   Spells                             Type                      Level
   a - Pain                           Necromancy                   1
   b - Animate Skeleton               Necromancy                   1
   c - Vampiric Draining              Necromancy                   3
   d - Regeneration                   Charms/Necromancy            3
   e - Animate Dead                   Necromancy                   4
   f - Borgnjor's Vile Clutch         Necromancy/Earth             5


   Skills:
 + Level 0.1 Fighting
 + Level 0.2 Short Blades
 + Level 1.8 Dodging
 + Level 1.8 Stealth
 + Level 3.9 Spellcasting
 + Level 4.8 Necromancy


You had 5 spell levels left.
You knew the following spells:

 Your Spells              Type           Power        Failure   Level  Hunger
a - Pain                  Necr           ###.         2%          1    N/A
b - Animate Skeleton      Necr           N/A          2%          1    N/A
c - Vampiric Draining     Necr           ###.......   8%          3    N/A

Dungeon Overview and Level Annotations

Branches:
Dungeon (2/15)

Altars:


Innate Abilities, Weirdness & Mutations

You do not eat or drink.
Your flesh is vulnerable to fire.
You are immune to poison.
Your flesh is cold resistant. (rC+)
You are immune to negative energy. (rN+++)
You are immune to unholy pain and torment.
You can survive without breathing.


Message History

Aim: an orc priest, wielding a club (heavily wounded)
The orc priest is almost dead.
You feel life coursing into your body. The orc hits you but does no damage.
The orc priest hits you with a club.
* * * LOW HITPOINT WARNING * * *
Casting: Vampiric Draining
Confirm with . or Enter, or press ? or * to list all spells.
You don't know that spell.
There isn't anything here!
Casting: Vampiric Draining
Confirm with . or Enter, or press ? or * to list all spells.
Aiming: Vampiric Draining
Press: ? - help, Shift-Dir - straight line, f/p - orc priest
Aim: an orc priest, wielding a club (almost dead)
You kill the orc priest!
You have reached level 4!
You feel life coursing into your body.
The orc wizard hits you but does no damage.
The orc hits you with a war axe!
You die...

... #.# #.#
.......#..
.≈.o.≈.#.#
....o..#.#
..o....#.#
...o..o#.###########
.≈...≈.#.o@o........
.......#.).#..#####
.........#....#
##...##.#####.# #.
#..?....# #########


You could see an orc wizard and an orc.

Vanquished Creatures
  2 orc priests
  A leopard gecko (D:1)
  3 goblins
  3 hobgoblins (D:1)
  3 jackals (D:1)
  A bat (D:1)
  5 kobolds (D:1)
  2 rats (D:1)
20 creatures vanquished.

Vanquished Creatures (collateral kills)
  A bat (D:1)
1 creature vanquished.

Grand Total: 21 creatures vanquished

Notes
Turn   | Place    | Note
-------+----------+-------------------------------------------
     0 | D:1      | JeffiDaFish the Mummy Necromancer began the quest for the Orb.
     0 | D:1      | Reached XP level 1. HP: 13/13 MP: 4/4
   100 | D:1      | Learned a level 1 spell: Animate Skeleton
   271 | D:1      | Reached XP level 2. HP: 19/19 MP: 1/5
   762 | D:1      | Reached XP level 3. HP: 4/24 MP: 0/8
  1008 | D:1      | Learned a level 3 spell: Vampiric Draining
  1013 | D:2      | Reached XP level 4. HP: 8/30 MP: 1/9
  1013 | D:2      | Slain by an orc

Skill      XL: |  1  2 |
---------------+-------+-----
Spellcasting   | 3 |  3.9
Fighting       | |  0.1
Short Blades   | |  0.2
Dodging        | |  1.8
Stealth        | |  1.8
Necromancy     | |  4.8

Action                   |  1- 3 |  4- 6 || total
-------------------------+-------+-------++-------
Melee: Dagger            |    30 |       ||    30
 Cast: Pain              |    34 |       ||    34
       Animate Skeleton  |     8 |       ||     8
       Vampiric Draining |     1 |     1 ||     2
  Use: Scroll            |     6 |       ||     6
 Stab: Distracted        |     1 |       ||     1
Armor: Robe              |     6 |     1 ||     7
Dodge: Dodged            |    32 |       ||    32
Block: Other             |     7 |       ||     7
